 Dungeon Crawl Stone Soup version 0.31-a0-1549-g5ff9445e89 (webtiles) character file.

Game seed: 11987555733900194565

487 olourkin the Caller (level 6, -1/32 HPs)
             Began as a Deep Elf Summoner on Jan 3, 2024.
             Was an Initiate of Kikubaaqudgha.
             Slain by a wyvern (6 damage)
             ... on level 5 of the Dungeon.
             The game lasted 00:36:16 (5531 turns).

olourkin the Caller (Deep Elf Summoner)             Turns: 5531, Time: 00:36:17

Health: -1/32      AC:  6    Str:  5    XL:     6   Next: 89%
Magic:  10/12      EV: 13    Int: 22    God:    Kikubaaqudgha [......]
Gold:   214        SH:  5    Dex: 15    Spells: 5/11 levels left

rFire   + . .        c - +0 short sword
rCold   . . .        (no shield)
rNeg    . . .        C - +2 leather armour {rF+}
rPois   +            r - +0 helmet
rElec   .            (no cloak)
rCorr   .            (no gloves)
SInv    .            (no boots)
Will    .....        E - amulet of reflection
Stlth   +++          x - ring of poison resistance
HPRegen 0.25/turn    (no ring)
MPRegen 0.13/turn

%: reflection
@: inugami summoned
A: no striking features
a: Renounce Religion


You were on level 5 of the Dungeon.
You worshipped Kikubaaqudgha.
Kikubaaqudgha was noncommittal.
You visited 1 branch of the dungeon, and saw 5 of its levels.

You collected 214 gold pieces.

Inventory:

Hand Weapons
 c - a +0 short sword (weapon)
Missiles
 d - 72 stones
 g - 9 poisoned darts
 w - 3 javelins
 A - 3 curare-tipped darts
Armour
 m - a +1 leather armour of poison resistance
 r - a +0 helmet (worn)
 C - a +2 leather armour of fire resistance (worn)
 F - a +0 buckler
Magical Staves
 v - a staff of alchemy
 H - a staff of fire
Jewellery
 x - a ring of poison resistance (left hand)
 E - an amulet of reflection (around neck)
Scrolls
 a - a scroll of fog {unknown}
 e - 2 scrolls of noise {unknown}
 f - a scroll of torment {unknown}
 j - 2 scrolls of brand weapon {unknown}
 k - 3 scrolls of revelation {unknown}
 l - 2 scrolls of teleportation {unknown}
 n - a scroll of butterflies {unknown}
 o - 2 scrolls of fear {unknown}
 s - 4 scrolls of identify {unknown}
 t - a scroll of poison {unknown}
 u - a scroll of acquirement {unknown}
 y - a scroll of amnesia {unknown}
 B - a scroll of immolation {unknown}
 G - a scroll of silence {unknown}
Potions
 h - 2 potions of invisibility {unknown}
 i - a potion of attraction {unknown}
 p - a potion of lignification {unknown}
 q - a potion of degeneration {unknown}
 z - a potion of curing
 D - 3 potions of heal wounds {unknown}


   Skills:
 + Level 4.9 Dodging
 + Level 5.2 Stealth
 - Level 3.0 Spellcasting
 * Level 7.1 Summonings


You had 5 spell levels left.
You knew the following spells:

 Your Spells              Type           Power      Damage    Failure   Level
a - Call Imp              Summ           68%        N/A       1%          2
y - Call Canine Familiar  Summ           34%        N/A       3%          3
z - Summon Small Mammal   Summ           100%       N/A       1%          1

Your spell library contained the following spells:

 Spells                   Type           Power      Damage    Failure   Level
 Summon Blazeheart Golem  Fire/Summ      19%        N/A       43%         4
 Summon Lightning Spire   Summ/Air       19%        N/A       43%         4
 Volatile Blastmotes      Fire/Tloc      6%         2d10      52%         3
 Cause Fear               Hex            1%         N/A       90%         4
 Fulminant Prism          Conj/Alch      1%         3d5       90%         4
 Iskenderun's Mystic Bla  Conj/Tloc      3%         2d3       90%         4
 Fireball                 Conj/Fire      1%         3d3       99%         5
 Dragon's Call            Summ           17%        N/A       100%        9


Dungeon Overview and Level Annotations

Branches:
Dungeon (5/15)
 Temple: D:4-7

Altars:
Ashenzari
Dithmenos
Gozag
Kikubaaqudgha
Ru
Sif Muna
Wu Jian
Xom
The Shining One


Message History

You don't have enough magic to cast this spell.
Okay, then.
Okay, then.
Okay, then.
You aren't carrying any items that you can evoke.
Okay, then.
Casting: Call Canine Familiar (dangerous; 3% risk of failure)
Confirm with . or Enter, or press ? or * to list all spells.
Okay, then.
Magic courses through your body.
Your quokka barely misses the wyvern.
The wyvern misses you.
Your quokka bites the wyvern but does no damage.
Casting: Call Canine Familiar (dangerous; 3% risk of failure)
Confirm with . or Enter, or press ? or * to list all spells.
Your rat disappears in a puff of smoke!
You block the wyvern's attack.
Your quokka barely misses the wyvern.
The wyvern barely misses you.
Your cerulean imp hits the wyvern but does no damage.
You swap places.
The wyvern barely misses your quokka.
Your quokka closely misses the wyvern.
Your quokka bites the wyvern.
The wyvern barely misses your quokka.
Your quokka bites the wyvern but does no damage.
Your quokka barely misses the wyvern.
The wyvern bites your quokka.
Your quokka dies!
Your quokka's corpse disappears in a puff of smoke!
Casting: Summon Small Mammal (safe; 1% risk of failure)
Confirm with . or Enter, or press ? or * to list all spells.
Your familiar is too far away to imbue with magic.
Unknown command.
Casting: Call Canine Familiar (dangerous; 3% risk of failure)
Confirm with . or Enter, or press ? or * to list all spells.
The wyvern attacks as it pursues you! The wyvern misses you.
The wyvern bites you!
* * * LOW HITPOINT WARNING * * *
Casting: Summon Small Mammal (safe; 1% risk of failure)
Confirm with . or Enter, or press ? or * to list all spells.
Your quokka disappears in a puff of smoke!
The wyvern bites you.
You die...
Kikubaaqudgha rasps: "You have failed me!
Welcome... death!"

#......## #..... ####
##.##...####..... ...##
+ ##.....+..... ....###
###.###.....
......######
#...........
...##.h5r..#
#.#...#.....
...#######h#######
#.#......... ...#
#..5....#####.#.###.....
...# ##..§rk@.r......#
#.#.## ...#
###.###......#.# #.#.#
#### #.#
#....))#'###.#.# ###
#..............#
#............#.# #
#............#.# .
#..............# .
##+##.........>## .
##.#####...#.....


You could see a wyvern (ally target), a friendly cerulean imp (summoned), a
friendly quokka (summoned), a friendly inugami (summoned) and a friendly rat
(summoned).

Vanquished Creatures
  2 endoplasms
  2 quokkas
  A kobold (D:4)
5 creatures vanquished.

Vanquished Creatures (collateral kills)
  A black bear (D:5)
  A scorpion (D:5)
  A gnoll bouda (D:5)
  An orc priest (D:4)
  A bombardier beetle (D:4)
  2 iguanas
  An orc wizard (D:3)
  4 gnolls (D:5)
  6 adders
  2 ufetubi (D:5)
  2 dart slugs
  A ribbon worm (D:2)
  7 orcs
  2 endoplasms
  2 giant cockroaches
  3 goblins
  4 hobgoblins
  5 quokkas
  5 ball pythons
  3 bats
  4 frilled lizards
  4 kobolds
  3 rats
65 creatures vanquished.

Grand Total: 70 creatures vanquished

Notes
Turn   | Place    | Note
-------+----------+-------------------------------------------
     0 | D:1      | olourkin the Deep Elf Summoner began the quest for the Orb.
     0 | D:1      | Reached XP level 1. HP: 10/10 MP: 6/6
   370 | D:1      | Reached XP level 2. HP: 15/15 MP: 5/8
   637 | D:1      | Learned a level 2 spell: Call Imp
  1321 | D:2      | Reached skill level 5 in Summonings
  1321 | D:2      | Reached XP level 3. HP: 19/19 MP: 6/9
  1425 | D:2      | Found a shimmering altar of Xom.
  2279 | D:3      | Found a glowing golden altar of the Shining One.
  2404 | D:3      | Reached XP level 4. HP: 24/24 MP: 5/10
  2461 | D:3      | Found a sacrificial altar of Ru.
  3464 | D:4      | Found a shadowy altar of Dithmenos.
  3594 | D:4      | Found a shimmering altar of Xom.
  3762 | D:4      | Reached XP level 5. HP: 28/28 MP: 7/11
  3947 | D:4      | Reached skill level 6 in Summonings
  4044 | D:4      | Found an ancient bone altar of Kikubaaqudgha.
  4044 | D:4      | Found an opulent altar of Gozag.
  4050 | D:4      | Found an ornate altar of the Wu Jian Council.
  4052 | D:4      | Became a worshipper of Kikubaaqudgha
  4055 | D:4      | Found a shimmering blue altar of Sif Muna.
  4057 | D:4      | Found a broken altar of Ashenzari.
  4282 | D:5      | Entered Level 5 of the Dungeon
  4482 | D:5      | Noticed a wyvern
  4494 | D:5      | Learned a level 3 spell: Call Canine Familiar
  4514 | D:5      | Reached XP level 6. HP: 32/32 MP: 6/12
  4961 | D:4      | Reached skill level 5 in Stealth
  5305 | D:5      | Noticed a water moccasin
  5503 | D:5      | Reached skill level 7 in Summonings
  5531 | D:5      | Slain by a wyvern

Illustrated notes

Levels and vault maps discovered:
D:1:      dpeg_arrival_more_subterranean_lakeside_camping, layout_basic,
          minmay_statues_item
D:2:      layout_rooms, basic_altar
D:3:      layout_basic, mainiacjoe_overflow_small_starburst, tso_metal_star
D:4:      layout_basic, regret_index_xom_buried_treasure,
          grunt_dithmenos_smoke_and_mirrors, chequers_temple_overflow_minitemple
D:5:      minmay_chambers_of_fours, layout_basic, kennysheep_mini_moat,
          temple_doors_ab

Skill      XL: |  1  2  3  4  5  6 |
---------------+-------------------+-----
Stealth        | 3 4 5 |  5.2
Dodging        | 3 4 |  4.9
Summonings     | 5 6 7 |  7.1
Spellcasting   | |  3.0

Action                     |  1- 3 |  4- 6 || total
---------------------------+-------+-------++-------
  Melee: Short sword       |    17 |    37 ||    54
   Cast: Summon Small Mamm |    64 |    51 ||   115
         Call Imp          |    22 |    23 ||    45
         Call Canine Famil |       |     7 ||     7
    Use: Potion            |       |     2 ||     2
 Armour: Robe              |     8 |       ||     8
         Leather armour    |     1 |    45 ||    46
  Dodge: Dodged            |    21 |    43 ||    64
  Block: Other             |       |     4 ||     4

Table legend: (Time is in decaauts)
 A = Elapsed time spent in this place.
 B = Non-inter-level travel time spent in this place.
 C = Inter-level travel time spent in this place.
 D = Time resting spent in this place.
 E = Time spent auto-exploring this place.
 F = Levels seen in this place.
 G = Mean time per level.
                   A        B        C        D        E       F      G
               +--------+--------+--------+--------+--------+-----+--------+
         Total |   5529 |   5279 |    250 |    880 |   3138 |   5 | 1105.8 |
       Dungeon |   5529 |   5279 |    250 |    880 |   3138 |   5 | 1105.8 |
               +--------+--------+--------+--------+--------+-----+--------+

Top non-repeatable levels by time:
     D:4: 1331 daAuts
     D:5: 1080 daAuts
     D:3: 1074 daAuts
     D:1: 1045 daAuts
     D:2: 997 daAuts
